AoeStats
← Koi boy 1999

Arabia

503294434Analyzed
2v2 RM · 1mo ago on Aug 31, 2026· 47m 51s· 4 players
Game mode
Random Map
Map size
Medium (4 player)
Population
200
Speed
Normal
Resources
Standard
Victory
Conquest
Starting age
Dark Age
Ending age
Imperial Age
RankedLock teamsTeams togetherTeam positionsShared explorationLock speedFull tech treeHidden civsTurbo modeCheats
Victory
Defeat
🇨🇱 Goths · Chile
808
+15
🇺🇸 Byzantines · United States
802
+15
🇨🇱 Huns · Chile
792
-15
🇨🇴 Japanese · Colombia
773
-15
DEMBOW
9:46 Feudal Age
11:06 Wheelbarrow
10:18 Double-Bit Axe
19:57 Castle Age
18:43 Gold Mining
18:34 Horse Collar
20:59 Hand Cart
22:43 Bow Saw
25:33 Fletching
27:17 Stone Mining
32:58 Imperial Age
30:45 Bodkin Arrow
31:22 Ballistics
NikolastrA
12:02 Feudal Age
10:37 Loom
17:45 Double-Bit Axe
17:45 Man-at-Arms
20:14 Bloodlines
21:13 Wheelbarrow
24:09 Castle Age
24:07 Town Watch
24:15 Gold Mining
24:12 Horse Collar
26:00 Squires
25:21 Long Swordsman
25:22 Pikeman
31:16 Stone Mining
35:13 Gold Shaft Mining
35:46 Gambesons
38:31 Husbandry
41:06 Imperial Age
39:44 Heavy Plow
40:20 Elite Skirmisher
41:16 Two-Handed Swordsman
41:43 Cavalier
45:10 Chemistry
47:40 Murder Holes
Koi boy 1999
12:14 Feudal Age
13:24 Double-Bit Axe
13:21 Horse Collar
14:48 Loom
22:44 Castle Age
21:01 Stone Mining
23:35 Bow Saw
23:56 Elite Skirmisher
24:08 Crossbowman
25:24 Gold Mining
25:48 Pikeman
30:20 Murder Holes
33:39 Guard Tower
35:51 Ballistics
37:50 Thumb Ring
44:17 Imperial Age
42:26 Scale Mail Armor
42:27 Padded Archer Armor
42:18 Fletching
42:39 Forging
45:12 Halberdier
47:00 Chemistry
Talerx3764
1:22 Loom
11:02 Feudal Age
11:30 Horse Collar
11:45 Double-Bit Axe
18:19 Stone Mining
20:31 Castle Age
20:38 Gold Mining
22:29 Stone Shaft Mining
22:51 Pikeman
23:31 Squires
24:06 Forging
23:57 Scale Mail Armor
26:24 Bow Saw
26:51 Anarchy
28:38 Heavy Plow
33:34 Fletching
39:03 Crossbowman
42:36 Imperial Age
40:44 Wheelbarrow
39:54 Town Watch
43:48 Conscription
44:22 Stone Shaft Mining
44:28 Halberdier
46:31 Perfusion
48:26 Town Patrol
49:03 Iron Casting
48:43 Chain Mail Armor
Connection lost

Rejoining the realm…

Still unreachable

The connection could not be restored.

Session expired

The server has moved on; the page needs a fresh start.